 Dungeon Crawl Stone Soup version 0.24.0-13-gcf9b3192b9 (webtiles) character file.

Game seed: 14798672416382827896, levelgen mode: deterministic

268 Delamore the Cleaver (level 6, 0/51 HPs)
             Began as a Hill Orc Monk on Nov 7, 2019.
             Slain by Crazy Yiuf
             ... wielding a +4 quarterstaff of chaos
              (4 damage)
             ... while petrified by Crazy Yiuf
             ... on level 3 of the Dungeon.
             The game lasted 00:03:25 (2982 turns).

Delamore the Cleaver (Hill Orc Monk)                Turns: 2982, Time: 00:03:26

Health: 0/51       AC: 10    Str: 16    XL:     6   Next: 21%
Magic:  0/6        EV:  2    Int: 15    God:
Gold:   189        SH:  0    Dex: 13    Spells: 5/5 levels left

rFire    . . .     SeeInvis .   a - +0 hand axe
rCold    . . .     Gourm    .   (no shield)
rNeg     + + +     Faith    .   f - +0 plate armour
rPois    ∞         Spirit   +   (no helmet)
rElec    .         Reflect  .   (no cloak)
rCorr    .         Harm     .   (no gloves)
MR       .....                  (no boots)
Stlth    ..........             k - amulet of guardian spirit
HPRegen  0.17/turn              b - ring of stealth
MPRegen  0.10/turn              (no ring)

@: brilliant, lethally poisoned (0 -> 0), petrified
A: no striking features
a: no special abilities


You were on level 3 of the Dungeon.
You were hungry.

You visited 1 branch of the dungeon, and saw 3 of its levels.

You collected 189 gold pieces.

Inventory:

Hand Weapons
 a - a +0 hand axe (weapon)
Missiles
 n - 7 poisoned darts (quivered)
Armour
 f - a +0 plate armour (worn)
Jewellery
 b - a ring of stealth (left hand)
 k - an amulet of guardian spirit (around neck)
 o - a cursed -3 ring of intelligence {unknown}
Scrolls
 e - 5 scrolls of teleportation {unknown}
 g - a scroll of remove curse {unknown}
 h - a scroll of noise {unknown}
 i - a scroll of magic mapping {unknown}
 m - a scroll of blinking {unknown}
 p - a scroll of immolation {unknown}
 q - a scroll of fear {unknown}
Potions
 j - a potion of ambrosia {unknown}
 l - a potion of curing {unknown}
Comestibles
 c - 4 rations


   Skills:
 - Level 3.6 Fighting
 + Level 8.9 Axes
 - Level 2.4 Dodging
 - Level 1.5 Stealth


You had 5 spell levels left.
You didn't know any spells.
Your spell library was empty.

Dungeon Overview and Level Annotations

Branches:
Dungeon (3/15)

Altars:
Hepliaklqana

Annotations:
D:3 Crazy Yiuf


Message History

Crazy Yiuf hits you with a +4 quarterstaff of chaos!
* * * LOW HITPOINT WARNING * * *
You are poisoned.
Crazy Yiuf hits you but does no damage.
Your limbs are stiffening.
You slash Crazy Yiuf!
Crazy Yiuf is almost dead.
Crazy Yiuf hits you with a +4 quarterstaff of chaos.
* * * LOW HITPOINT WARNING * * *
Crazy Yiuf burns you.
Crazy Yiuf hits you with a +4 quarterstaff of chaos.
* * * LOW HITPOINT WARNING * * *
You have turned to stone.
Crazy Yiuf hits you with a +4 quarterstaff of chaos!
* * * LOW HITPOINT WARNING * * *
Crazy Yiuf burns you.
* * * LOW HITPOINT WARNING * * *
Crazy Yiuf hits you with a +4 quarterstaff of chaos.
Crazy Yiuf burns you.
Crazy Yiuf hits you with a +4 quarterstaff of chaos!
You die...

.#.# #.# ...# #.#
#..# #.# #..# ###
..># ##.# #.#######♣♣
### #.......#.♣♣
♣♣#.))#
#####......♣♣♣♣@g)..#
##.....)♣..♣#..)#
##.#.)♣)♣♣♣ ###
###♣♣♣♣♣


You could see Crazy Yiuf.

Vanquished Creatures
  Sigmund (D:2)
  4 adders
  An ooze (D:1)
  2 worms
  3 dart slugs
  3 leopard geckos
  A ball python (D:1)
  3 giant cockroaches
  3 hobgoblins
  3 jackals (D:2)
  3 quokkas
  7 bats
  6 frilled lizards
  A goblin (D:2)
  4 kobolds
  6 rats
51 creatures vanquished.

Notes
Turn   | Place    | Note
-------+----------+-------------------------------------------
     0 | D:1      | Delamore the Hill Orc Monk began the quest for the Orb.
     0 | D:1      | Reached XP level 1. HP: 19/19 MP: 1/1
   116 | D:1      | Reached XP level 2. HP: 26/26 MP: 2/2
   277 | D:1      | Reached skill level 5 in Axes
   646 | D:1      | Reached XP level 3. HP: 28/31 MP: 3/3
  1151 | D:2      | Noticed Sigmund
  1194 | D:2      | Killed Sigmund
  1194 | D:2      | Reached skill level 8 in Axes
  1194 | D:2      | Reached XP level 4. HP: 22/39 MP: 4/4
  1194 | D:2      | Reached XP level 5. HP: 26/45 MP: 5/5
  1482 | D:2      | Reached XP level 6. HP: 35/51 MP: 6/6
  2358 | D:3      | Found a hazy altar of Hepliaklqana.
  2959 | D:3      | Found a runed translucent door.
  2960 | D:3      | Noticed Crazy Yiuf
  2982 | D:3      | Slain by Crazy Yiuf

Levels and vault maps discovered:
D:1:      wander_arrival_chamber, layout_basic
D:2:      layout_basic, st_stairs_1, uniq_sigmund
D:3:      layout_basic, nicolae_overflow_crystal_walls, uniq_crazy_yiuf_cottage

Skill      XL: |  1  2  3 |
---------------+----------+-----
Axes           | 5 8 |  8.9
Fighting       | |  3.6
Dodging        | |  2.4
Stealth        | |  1.5

Action                   |  1- 3 |  4- 6 || total
-------------------------+-------+-------++-------
Melee: Hand axe          |   116 |    99 ||   215
  Use: Potion            |     1 |     1 ||     2
 Stab: Sleeping          |     3 |     1 ||     4
  Eat: Chunk             |     1 |     5 ||     6
Armor: Robe              |    16 |    14 ||    30
       Skin              |    15 |       ||    15
       Plate armour      |       |    15 ||    15
Dodge: Dodged            |    56 |    55 ||   111
